AAA
CALGARY CANNONS @ MADISONVILLE MINERS
05/05/1980
 
TOP OF THE 1ST
Calgary Cannons batting - Pitching for Madisonville Miners : RHP Scott Gardner
Pitching: RHP Scott Gardner
Batting: RHB Junior Moore 0-0: Ball
1-0: Called Strike
1-1: Ball
2-1: Foul Ball, location: 5F
2-2: Ball
3-2: Ground out 6-3 (Groundball, 6, EV 90.0 MPH)
Batting: RHB Butch Harris 0-0: Ground out U3 (Groundball, 34S, EV 81.3 MPH)
Batting: RHB Pat Casey 0-0: Ball
1-0: Swinging Strike
1-1: Fly out, F8 (Line Drive, 8LS, EV 98.8 MPH)
Top of the 1st over - 0 runs, 0 hits, 0 errors, 0 left on base; Calgary 0 - Madisonville 0
BOTTOM OF THE 1ST
Madisonville Miners batting - Pitching for Calgary Cannons : RHP Archie Reynolds
Pitching: RHP Archie Reynolds
Batting: RHB Leo Foster 0-0: Ground out 6-3 (Groundball, 4MS, EV 86.3 MPH)
Batting: RHB Chris Arnold 0-0: Foul Ball, location: 2F
0-1: Ball
1-1: Ground out 5-3 (Groundball, 15, EV 85.0 MPH)
Batting: LHB Greg Smith 0-0: Ball
1-0: Ball
2-0: Fly out, F9 (Line Drive, 89M, EV 92.5 MPH)
Bottom of the 1st over - 0 runs, 0 hits, 0 errors, 0 left on base; Calgary 0 - Madisonville 0
TOP OF THE 2ND
Calgary Cannons batting - Pitching for Madisonville Miners : RHP Scott Gardner
Batting: RHB Larry Wolfe 0-0: Foul Ball, location: 2F
0-1: SINGLE (Flyball, 7LS, EV 88.8 MPH)
Batting: LHB Kenneth Bennett 0-0: SINGLE (Line Drive, 5D, EV 99.4 MPH)
Larry Wolfe to second
Batting: RHB Jim Unknown 0-0: Sac Bunt to 15S - play at first, batter OUT! 1-3
Larry Wolfe to third
Kenneth Bennett to second
Batting: RHB Bobby Ramos 0-0: Foul Ball, location: 2F
0-1: Called Strike
0-2: Ball
1-2: Ball
2-2: Foul Ball, location: 25FF
2-2: Strikes out swinging
Batting: RHB Kelvin Chapman 0-0: Called Strike
0-1: Ball
1-1: Ground out 3-1 (Groundball, 34, EV 80.6 MPH)
Top of the 2nd over - 0 runs, 2 hits, 0 errors, 2 left on base; Calgary 0 - Madisonville 0
BOTTOM OF THE 2ND
Madisonville Miners batting - Pitching for Calgary Cannons : RHP Archie Reynolds
Batting: SHB Bobby Brown 0-0: Foul Ball, location: 7LDF
0-1: Foul Ball, location: 7LMF
0-2: Strikes out swinging
Batting: RHB Larry Cox 0-0: Ball
1-0: Ball
2-0: Fly out, F7 (Line Drive, 7LS, EV 101.3 MPH)
Batting: RHB Ellie Rodriguez 0-0: Ball
1-0: Ball
2-0: Ball
3-0: Base on Balls
Batting: LHB Larry Whisenton 0-0: Ball
1-0: Ball
2-0: Called Strike
2-1: Ball
3-1: Foul Ball, location: 2RF
3-2: Fly out, F6 (Popup, 6MS, EV 69.4 MPH)
Bottom of the 2nd over - 0 runs, 0 hits, 0 errors, 1 left on base; Calgary 0 - Madisonville 0
TOP OF THE 3RD
Calgary Cannons batting - Pitching for Madisonville Miners : RHP Scott Gardner
Batting: RHB Archie Reynolds 0-0: Foul Ball, location: 2F
0-1: Swinging Strike
0-2: Strikes out looking
Batting: RHB Junior Moore 0-0: SINGLE (Groundball, 15S, EV 65.0 MPH) (infield hit)
Batting: RHB Butch Harris Pickoff Throw to First - Out! 1-3
0-0: Called Strike
0-1: Foul Ball, location: 5SF
0-2: Foul Ball, location: 2F
0-2: Ball
1-2: DOUBLE (Flyball, 8LD, EV 108.1 MPH)
Batting: RHB Pat Casey 0-0: Ball
1-0: Foul Ball, location: 9LDF
1-1: Foul Ball, location: 2F
1-2: Strikes out looking
Top of the 3rd over - 0 runs, 2 hits, 0 errors, 1 left on base; Calgary 0 - Madisonville 0
BOTTOM OF THE 3RD
Madisonville Miners batting - Pitching for Calgary Cannons : RHP Archie Reynolds
Batting: RHB Jim Unknown 0-0: Foul Ball, location: 2F
0-1: Ball
1-1: Ball
2-1: Ball
3-1: Foul Ball, location: 2F
3-2: Strikes out swinging
Batting: RHB Scott Gardner 0-0: Called Strike
0-1: Called Strike
0-2: Strikes out looking
Batting: RHB Leo Foster 0-0: Called Strike
0-1: Ball
1-1: Foul Ball, location: 5F
1-2: Ball
2-2: Foul Ball, location: 25F
2-2: Ball
3-2: Ground out 5-3 (Groundball, 15, EV 89.4 MPH)
Bottom of the 3rd over - 0 runs, 0 hits, 0 errors, 0 left on base; Calgary 0 - Madisonville 0
TOP OF THE 4TH
Calgary Cannons batting - Pitching for Madisonville Miners : RHP Scott Gardner
Batting: RHB Larry Wolfe 0-0: Ball
1-0: Fly out, F7 (Flyball, 78S, EV 79.4 MPH)
Batting: LHB Kenneth Bennett 0-0: Ball
1-0: SOLO HOME RUN (Flyball, 89XD, EV 106.9 MPH), Distance : 425 ft
Batting: RHB Jim Unknown 0-0: Ball
1-0: Foul Ball, location: 2F
1-1: Called Strike
1-2: Ball
2-2: Strikes out looking
Batting: RHB Bobby Ramos 0-0: Called Strike
0-1: Foul Ball, location: 3FF
0-2: Foul Ball, location: 5F
0-2: Ball
1-2: Foul Ball, location: 25F
1-2: Foul Ball, location: 2F
1-2: Foul Ball, location: 2F
1-2: Foul Ball, location: 9LSF
1-2: Ball
2-2: Fly out, F9 (Flyball, 9D, EV 108.1 MPH)
Top of the 4th over - 1 run, 1 hit, 0 errors, 0 left on base; Calgary 1 - Madisonville 0
BOTTOM OF THE 4TH
Madisonville Miners batting - Pitching for Calgary Cannons : RHP Archie Reynolds
Batting: RHB Chris Arnold 0-0: Called Strike
0-1: Fly out, F3 (Popup, 23F, EV 80.0 MPH)
Batting: LHB Greg Smith 0-0: Foul Ball, location: 7LMF
0-1: Ball
1-1: SINGLE (Line Drive, 56D, EV 100.0 MPH)
Batting: SHB Bobby Brown 0-0: Swinging Strike
0-1: Ball
1-1: Ball
2-1: Ball
3-1: Base on Balls
Greg Smith to second
Batting: RHB Larry Cox 0-0: Ball
1-0: Ball
2-0: Called Strike
2-1: Ground out 3-1 (Groundball, 34S, EV 66.3 MPH)
Greg Smith to third
Bobby Brown to second
Batting: RHB Ellie Rodriguez 0-0: Ball
1-0: Called Strike
1-1: Foul Ball, location: 2F
1-2: Ball
2-2: Ball
3-2: Base on Balls
Batting: LHB Larry Whisenton 0-0: SINGLE (Groundball, 6M, EV 101.3 MPH) (infield hit)
Greg Smith scores
Bobby Brown to third
Ellie Rodriguez to second
Batting: RHB Jim Unknown 0-0: Ground out 4-3 (Groundball, 34, EV 85.0 MPH)
Bottom of the 4th over - 1 run, 2 hits, 0 errors, 3 left on base; Calgary 1 - Madisonville 1
TOP OF THE 5TH
Calgary Cannons batting - Pitching for Madisonville Miners : RHP Scott Gardner
Batting: RHB Kelvin Chapman 0-0: Ball
1-0: Swinging Strike
1-1: SINGLE (Flyball, 4MD, EV 95.0 MPH)
Batting: RHB Archie Reynolds 0-0: Reached on error, E1 (Groundball, 15, EV 0.0 MPH)
Kelvin Chapman to third
Batting: RHB Junior Moore 0-0: Foul Ball, location: 2F
0-1: Called Strike
0-2: Ball
1-2: Ball
2-2: Strikes out swinging
Batting: RHB Butch Harris 0-0: SINGLE (Line Drive, 78S, EV 87.5 MPH)
Kelvin Chapman scores
Archie Reynolds to third
Batting: RHB Pat Casey 0-0: Ball
1-0: Ball
2-0: Foul Ball, location: 9LMF
2-1: Ball
3-1: Foul Ball, location: 2F
3-2: Foul Ball, location: 23F
3-2: Foul Ball, location: 3F
3-2: Base on Balls
Butch Harris to second
Batting: RHB Larry Wolfe 0-0: SINGLE (Line Drive, 4MD, EV 101.3 MPH)
Archie Reynolds scores
Butch Harris to third
Pat Casey to second
Runner from 3rd tries for Home, SAFE, throw by CF to home
Batting: LHB Kenneth Bennett 0-0: Called Strike
0-1: Fielders Choice at 2nd, 5-4 (Groundball, 5, EV 86.9 MPH)
Pat Casey to third
Batting: RHB Jim Unknown 0-0: Foul Ball, location: 3FF
0-1: Ball
1-1: SINGLE (Line Drive, 78S, EV 96.3 MPH)
Pat Casey scores
Kenneth Bennett to second
Batting: RHB Bobby Ramos 0-0: Ball
1-0: Ball
2-0: Called Strike
2-1: Ball
3-1: DOUBLE (Flyball, 89XD, EV 96.3 MPH)
Kenneth Bennett scores
Jim Unknown to third
Batting: RHB Kelvin Chapman 0-0: Intentional Walk
Batting: RHB Archie Reynolds 0-0: Foul Ball, location: 2F
0-1: Ball
1-1: Ground out U3 (Groundball, 3L, EV 90.0 MPH)
Top of the 5th over - 5 runs, 5 hits, 1 error, 3 left on base; Calgary 6 - Madisonville 1
BOTTOM OF THE 5TH
Madisonville Miners batting - Pitching for Calgary Cannons : RHP Archie Reynolds
Pinch Hitting: LHB Billy Baldwin 0-0: Ball
1-0: Foul Ball, location: 5FF
1-1: Foul Ball, location: 5F
1-2: Ground out 6-3 (Groundball, 56, EV 91.3 MPH)
Batting: RHB Leo Foster 0-0: Swinging Strike
0-1: Ball
1-1: Ball
2-1: Called Strike
2-2: Fly out, F8 (Flyball, 78D, EV 103.1 MPH)
Batting: RHB Chris Arnold 0-0: Ball
1-0: Swinging Strike
1-1: Fly out, F6 (Line Drive, 6MD, EV 67.5 MPH)
Bottom of the 5th over - 0 runs, 0 hits, 0 errors, 0 left on base; Calgary 6 - Madisonville 1
TOP OF THE 6TH
Calgary Cannons batting - Pitching for Madisonville Miners : RHP Scott Gardner
Pitching: RHP Bob Maneely
Batting: RHB Junior Moore 0-0: Ball
1-0: Called Strike
1-1: Called Strike
1-2: Ball
2-2: Strikes out swinging
Batting: RHB Butch Harris 0-0: Ground out 5-3 (Groundball, 5S, EV 78.8 MPH)
Batting: RHB Pat Casey 0-0: Called Strike
0-1: Foul Ball, location: 2F
0-2: Strikes out swinging
Top of the 6th over - 0 runs, 0 hits, 0 errors, 0 left on base; Calgary 6 - Madisonville 1
BOTTOM OF THE 6TH
Madisonville Miners batting - Pitching for Calgary Cannons : RHP Archie Reynolds
Batting: LHB Greg Smith 0-0: Ball
1-0: Ball
2-0: Ball
3-0: Called Strike
3-1: Foul Ball, location: 2RF
3-2: Foul Ball, location: 23FF
3-2: Foul Ball, location: 25FF
3-2: Base on Balls
Batting: SHB Bobby Brown 0-0: Ball
1-0: Fielders Choice at 2nd, 1-6 (Groundball, 34S, EV 58.1 MPH)
Batting: RHB Larry Cox 0-0: Ball
Bobby Brown steals 2nd base
1-0: Foul Ball, location: 2F
1-1: TRIPLE (Flyball, 89XD, EV 95.6 MPH)
Bobby Brown scores
Batting: RHB Ellie Rodriguez 0-0: Ball
1-0: Called Strike
1-1: Ball
2-1: 2-RUN HOME RUN (Flyball, 9LD, EV 101.9 MPH), Distance : 387 ft
Batting: LHB Larry Whisenton 0-0: Ball
1-0: Called Strike
1-1: SINGLE (Line Drive, 8LS, EV 96.9 MPH)
Pitching: RHP Kip Young
Batting: RHB Jim Unknown 0-0: Ball
1-0: SINGLE (Groundball, 34D, EV 103.8 MPH)
Larry Whisenton to second
Runner from 2nd tries for 3rd, SAFE, no throw by RF
Batting: RHB Bob Maneely 0-0: SINGLE (Groundball, 56, EV 91.9 MPH)
Larry Whisenton scores
Jim Unknown to second
Batting: RHB Leo Foster 0-0: Called Strike
0-1: Fly out, F9 (Flyball, 89S, EV 97.5 MPH)
Batting: RHB Chris Arnold 0-0: Ball
1-0: Called Strike
1-1: Swinging Strike
1-2: SINGLE (Groundball, 4MD, EV 106.9 MPH)
Jim Unknown to third
Bob Maneely to second
Runner from 3rd tries for Home, SAFE, throw by CF to home
Batting: LHB Greg Smith 0-0: Ball
1-0: Ball
2-0: Called Strike
2-1: SINGLE (Line Drive, 34, EV 104.4 MPH)
Bob Maneely to third
Chris Arnold to second
Runner from 3rd tries for Home, SAFE, throw by RF to home
Batting: SHB Bobby Brown 0-0: Fly out, F7 (Flyball, 78M, EV 93.1 MPH)
Bottom of the 6th over - 6 runs, 7 hits, 0 errors, 2 left on base; Calgary 6 - Madisonville 7
TOP OF THE 7TH
Calgary Cannons batting - Pitching for Madisonville Miners : RHP Bob Maneely
Batting: RHB Larry Wolfe 0-0: Fly out, F7 (Flyball, 7LS, EV 95.0 MPH)
Batting: LHB Kenneth Bennett 0-0: Ball
1-0: Called Strike
1-1: DOUBLE (Line Drive, 7LS, EV 97.5 MPH)
Batting: RHB Jim Unknown 0-0: Ball
1-0: Called Strike
1-1: Swinging Strike
1-2: Strikes out swinging
Batting: RHB Bobby Ramos 0-0: Ball
1-0: Fly out, F7 (Flyball, 7S, EV 96.9 MPH)
Top of the 7th over - 0 runs, 1 hit, 0 errors, 1 left on base; Calgary 6 - Madisonville 7
BOTTOM OF THE 7TH
Madisonville Miners batting - Pitching for Calgary Cannons : RHP Kip Young
Batting: RHB Larry Cox 0-0: Ball
1-0: Foul Ball, location: 2F
1-1: Swinging Strike
1-2: Strikes out looking
Batting: RHB Ellie Rodriguez 0-0: Called Strike
0-1: Ball
1-1: Ball
2-1: Foul Ball, location: 9LDF
2-2: Strikes out swinging
Batting: LHB Larry Whisenton 0-0: Called Strike
0-1: Ball
1-1: Ball
2-1: Foul Ball, location: 5F
2-2: Fly out, F5 (Popup, 56S, EV 76.9 MPH)
Bottom of the 7th over - 0 runs, 0 hits, 0 errors, 0 left on base; Calgary 6 - Madisonville 7
TOP OF THE 8TH
Calgary Cannons batting - Pitching for Madisonville Miners : RHP Bob Maneely
Pinch Hitting: RHB Steve Greenberg 0-0: Ball
1-0: Ball
2-0: Ball
3-0: Called Strike
3-1: Called Strike
3-2: Foul Ball, location: 9LSF
3-2: Base on Balls
Pinch Hitting: RHB Dan Cataline 0-0: Ball
1-0: Ball
2-0: Sac Bunt to 2L - play at first, batter OUT! 2-3
Steve Greenberg to second
Pitching: RHP Terry Felton
Batting: RHB Junior Moore 0-0: Ball
1-0: Fly out, F6 (Popup, 6MS, EV 73.1 MPH)
Batting: RHB Butch Harris 0-0: Ball
1-0: Ball
2-0: Called Strike
2-1: Fly out, F9 (Flyball, 9, EV 91.3 MPH)
Top of the 8th over - 0 runs, 0 hits, 0 errors, 1 left on base; Calgary 6 - Madisonville 7
BOTTOM OF THE 8TH
Madisonville Miners batting - Pitching for Calgary Cannons : RHP Kip Young
Pitching: RHP Ken Clay
Now at 1B: Dan Cataline
Now at 2B: Larry Wolfe
Batting: RHB Jim Unknown 0-0: Ball
1-0: Foul Ball, location: 23F
1-1: Ball
2-1: Called Strike
2-2: Strikes out swinging
Batting: RHB Terry Felton 0-0: Swinging Strike
0-1: SINGLE (Groundball, 6MD, EV 102.5 MPH)
Batting: RHB Leo Foster 0-0: Ball
1-0: Fly out, F4 (Line Drive, 4MD, EV 62.5 MPH)
Batting: RHB Chris Arnold 0-0: SINGLE (Groundball, 4MD, EV 103.1 MPH)
Terry Felton to second
Runner from 2nd tries for 3rd, SAFE, throw by CF made to third
Batting: LHB Greg Smith 0-0: Ball
1-0: Ground out 5-3 (Groundball, 56S, EV 76.3 MPH)
Bottom of the 8th over - 0 runs, 2 hits, 0 errors, 2 left on base; Calgary 6 - Madisonville 7
TOP OF THE 9TH
Calgary Cannons batting - Pitching for Madisonville Miners : RHP Terry Felton
Now at 1B: Greg Smith
Now in RF: Edgar Ward
Batting: RHB Pat Casey 0-0: Called Strike
0-1: Foul Ball, location: 9LMF
0-2: Ball
1-2: Strikes out swinging
Batting: RHB Larry Wolfe 0-0: Foul Ball, location: 2F
0-1: Ball
1-1: Ball
2-1: Foul Ball, location: 2F
2-2: Strikes out swinging
Batting: LHB Kenneth Bennett 0-0: Ground out U3 (Groundball, 3L, EV 86.9 MPH)
Top of the 9th over - 0 runs, 0 hits, 0 errors, 0 left on base; Calgary 6 - Madisonville 7
Saturday, December 30th , 2023 - OOTP Baseball 24.11 Build 85